AoeStats
← elitedurasteel

Arena

510399553Analyzed
2v2 RM · 2d ago on Sep 30, 2026· 69m 1s· 4 players
Game mode
Random Map
Map size
Medium (4 player)
Population
200
Speed
Normal
Resources
Standard
Victory
Conquest
Starting age
Dark Age
Ending age
Imperial Age
RankedLock teamsTeams togetherTeam positionsShared explorationLock speedFull tech treeHidden civsTurbo modeCheats
Victory
Defeat
🇦🇹 Berbers · Austria
1234
+14
🇦🇹 Bohemians · Austria
1229
+14
🇬🇧 Khmer · United Kingdom
1289
-18
🇪🇸 Magyars · Spain
1090
-10
elitedurasteel
9:00 Feudal Age
11:43 Castle Age
12:10 Double-Bit Axe
12:53 Horse Collar
18:09 Heavy Plow
20:35 Wheelbarrow
20:54 Bow Saw
22:50 Hand Cart
25:01 Loom
25:20 Town Watch
29:23 Imperial Age
27:52 Gold Mining
29:21 Ballistics
29:43 Gold Shaft Mining
29:22 Scale Barding Armor
29:57 Bloodlines
29:47 Husbandry
30:47 Crop Rotation
30:39 Chain Barding Armor
30:29 Forging
31:32 Chemistry
30:58 Heavy Scorpion
31:45 Capped Ram
33:19 Plate Barding Armor
33:20 Iron Casting
33:24 Light Cavalry
34:29 Siege Engineers
35:44 Elite Battle Elephant
38:07 Double Crossbow
38:39 Siege Ram
41:22 Blast Furnace
40:45 Conscription
41:17 Hussar
42:39 Caravan
43:16 Tusk Swords
46:11 Scale Mail Armor
46:02 Fletching
47:34 Pikeman
48:30 Chain Mail Armor
51:12 Bodkin Arrow
51:58 Bracer
53:05 Halberdier
57:21 Hoardings
57:05 Masonry
57:06 Fortified Wall
58:47 Elite Skirmisher
60:04 Arson
60:35 Padded Archer Armor
63:36 Elite Ballista Elephant
65:25 Architecture
Pr8feSS8r
10:27 Feudal Age
14:03 Gold Mining
16:22 Castle Age
14:15 Double-Bit Axe
18:46 Bow Saw
18:43 Stone Mining
20:17 Loom
23:21 Wheelbarrow
23:56 Horse Collar
26:24 Heavy Plow
27:36 Corvinian Army
27:41 Loom
28:34 Gold Shaft Mining
28:28 Fletching
29:33 Hand Cart
30:00 Scale Barding Armor
32:21 Chain Barding Armor
33:55 Bloodlines
33:46 Husbandry
40:54 Imperial Age
40:09 Bodkin Arrow
40:31 Masonry
40:45 Ballistics
42:11 Plate Barding Armor
40:59 Elite Magyar Huszar
42:06 Conscription
42:37 Crop Rotation
43:08 Two-Man Saw
42:25 Bracer
48:00 Town Watch
Obnoxxxious
10:49 Feudal Age
14:54 Castle Age
12:44 Double-Bit Axe
13:34 Horse Collar
14:50 Loom
16:30 Bow Saw
21:21 Fletching
22:22 Heavy Plow
25:10 Bodkin Arrow
25:51 Gold Mining
28:23 Wheelbarrow
28:16 Padded Archer Armor
28:54 Ballistics
31:49 Imperial Age
31:21 Leather Archer Armor
31:51 Stone Mining
32:26 Scale Barding Armor
32:34 Bracer
33:36 Chemistry
33:08 Conscription
32:59 Thumb Ring
32:56 Husbandry
33:09 Bloodlines
34:26 Ring Archer Armor
33:34 Cavalier
35:42 Chemistry
35:45 Chain Barding Armor
37:05 Plate Barding Armor
37:07 Coinage
36:04 Elite Camel Archer
37:14 Forging
37:50 Maghrebi Camels
38:36 Masonry
38:44 Hand Cart
40:09 Iron Casting
40:27 Banking
39:58 Caravan
40:50 Hoardings
43:21 Siege Engineers
45:31 Guilds
48:25 Light Cavalry
50:08 Blast Furnace
50:28 Hussar
52:27 Crop Rotation
63:13 Capped Ram
FlinkerBär
10:24 Feudal Age
14:36 Castle Age
13:51 Horse Collar
13:57 Double-Bit Axe
14:52 Loom
16:16 Town Watch
16:59 Bow Saw
22:26 Fervor
24:41 Wheelbarrow
24:33 Heavy Plow
25:14 Pikeman
25:57 Scale Mail Armor
30:00 Imperial Age
28:36 Chemistry
27:54 Squires
29:02 Chain Mail Armor
30:33 Forging
31:24 Plate Mail Armor
32:05 Conscription
33:30 Wagenburg Tactics
34:12 Siege Engineers
34:53 Redemption
35:09 Sanctity
35:04 Block Printing
35:52 Halberdier
37:57 Caravan
40:24 Hussite Reforms
40:32 Masonry
42:30 Fortified Wall
42:51 Architecture
42:19 Houfnice
56:55 Two-Man Saw
56:17 Hand Cart
Connection lost

Rejoining the realm…

Still unreachable

The connection could not be restored.

Session expired

The server has moved on; the page needs a fresh start.